 Dungeon Crawl Stone Soup version 0.30.0-5-g1a98f26d00 (webtiles) character file.

Game seed: 1401736227096699949

3593 jasper the Skirmisher (level 9, -7/40 HPs)
             Began as a Spriggan Artificer on May 11, 2023.
             Was a Believer of Okawaru.
             Mangled by a wraith (10 damage)
             ... on level 9 of the Dungeon.
             The game lasted 00:16:11 (7733 turns).

jasper the Skirmisher (Spriggan Artificer)          Turns: 7733, Time: 00:16:11

Health: -7/40      AC:  6    Str: 15    XL:     9   Next: 85%
Magic:  12/12      EV: 22    Int: 14    God:    Okawaru [**....]
Gold:   388        SH:  0    Dex: 18    Spells: 8/8 levels left

rFire   . . .        n - +1 dagger "Leilaola" {holy, Str+5 Int+2}
rCold   . . .        (no shield)
rNeg    . . .        b - +0 robe
rPois   .            (helmet restricted)
rElec   .            (no cloak)
rCorr   .            (gloves unavailable)
SInv    +            (boots unavailable)
Will    +....        (no amulet)
Stlth   ++++++       k - +4 ring of protection
HPRegen 0.26/turn    (no ring)
MPRegen 0.13/turn

%: no passive effects
@: heroic, slowed, quick
A: very small, no large weapons, unfitting armour, see invisible, speed 3
a: Renounce Religion, Heroism


You were on level 9 of the Dungeon.
You worshipped Okawaru.
Okawaru was pleased with you.
You visited 1 branch of the dungeon, and saw 9 of its levels.

You collected 582 gold pieces.
You spent 194 gold pieces at shops.

Inventory:

Hand Weapons
 a - a +0 club
 c - the +4 falchion "Puemer" {heavy, *Corrode Will++ Dex+3}
   (You found it on level 4 of the Dungeon)

   Dex:       It affects your dexterity (+3).
   *Corrode:  It may corrode you when you take damage.
   Will:      It greatly increases your willpower.
 f - a +0 hand axe
 g - a +0 short sword
 n - the +1 dagger "Leilaola" (weapon) {holy, Str+5 Int+2}
   (You found it on level 6 of the Dungeon)

   Str:       It affects your strength (+5).
   Int:       It affects your intelligence (+2).
 o - a +5 sling
Missiles
 i - 8 poisoned darts
Armour
 b - a +0 robe (worn)
Jewellery
 k - a +4 ring of protection (left hand)
 q - a ring of flight
 D - a ring of protection from fire
Wands
 d - a wand of charming (13)
 C - a wand of flame (1)
 E - a wand of paralysis (4)
Scrolls
 p - a scroll of amnesia
 t - 3 scrolls of teleportation
 u - 3 scrolls of fear
 y - a scroll of identify
 B - a scroll of vulnerability
Potions
 e - a potion of attraction
 h - a potion of might
 j - 3 potions of curing
 l - a potion of cancellation
 m - a potion of brilliance
 s - 2 potions of lignification
 v - 7 potions of flight
 w - 2 potions of mutation
 x - a potion of ambrosia
 z - 3 potions of degeneration
 A - a potion of resistance {unknown}


   Skills:
 - Level 0.7(5.7) Fighting
 + Level 10.9(15.9) Ranged Weapons
 - Level 3.2(8.2) Dodging
 - Level 8.9(13.9) Stealth
 - Level 3.9 Invocations
 - Level 8.4 Evocations


You had 8 spell levels left.
You didn't know any spells.
Your spell library contained the following spells:

 Spells                   Type           Power      Damage    Failure   Level
 Apportation              Tloc           0%         N/A       28%         1
 Beastly Appendage        Tmut           0%         N/A       28%         1
 Magic Dart               Conj           0%         1d3       28%         1
 Necrotise                Necr           0%         1d4       28%         1
 Searing Ray              Conj           0%         2d4       41%         2
 Wereblood                Tmut           0%         N/A       41%         2
 Spider Form              Tmut/Pois      0%         N/A       65%         3
 Fulminant Prism          Conj/Hex       0%         3d5       96%         4
 Summon Small Mammal      Summ           Unusable   N/A       N/A         1

Dungeon Overview and Level Annotations

Branches:
Dungeon (9/15)             Temple (0/1) D:5
   Lair: D:8-11         Orc: D:9-12

Altars:
Elyvilon
Fedhas
Okawaru
Qazlal
Trog
Uskayaw
Wu Jian
The Shining One

Shops:
D:2 (*![   D:3 (

Annotations:
D:6 3 runed translucent doors, exclusion: acid dragon, platinum's ghost, novice FoFi


Innate Abilities, Weirdness & Mutations

You are very small and have problems with some larger weapons.
You are too small for most types of armour.
You have supernaturally acute eyesight. (SInv)
You cover ground extremely quickly. (Speed+++)


Message History

You hit the wraith but do no damage.
The wraith is almost destroyed.
The wraith misses you.
You hit the wraith but do no damage.
The wraith is almost destroyed.
The wraith misses you.
You closely miss the wraith.
The wraith is almost destroyed.
The wraith hits you!
* * * LOW HITPOINT WARNING * * *
The wraith drains your vigour!
You feel as though you will be slow longer.
You take 8 damage, and have 8/40 hp.
You hit the wraith but do no damage.
The wraith is severely damaged.
The wraith barely misses you.
You hit the wraith but do no damage.
The wraith is severely damaged.
The wraith hits you.
* * * LOW HITPOINT WARNING * * *
The wraith drains your vigour!
You feel as though you will be slow longer.
You take 1 damage, and have 7/40 hp.
You barely miss the wraith. Your punch misses the wraith.
The wraith is severely damaged.
The wraith hits you.
* * * LOW HITPOINT WARNING * * *
The wraith drains your vigour!
You feel as though you will be slow longer.
You take 4 damage, and have 3/40 hp.
MP restored: 12
Okay, then.
You are a level 9 Spriggan Artificer.
You are 85% of the way to level 10.
Play time: 00:16:07 (7733 turns).
Zot will find you in 26883 turns if you stay in this branch and explore no new floors.
Aiming: Paralyse
Press: ? - help, Shift-Dir - straight line, f/p - wraith
Aim: a wraith (severely damaged, chance to affect: 33%)
The wraith easily resists.
The wraith hits you!
You die...

#<########..# ##.# #.#
#.......# ...# #.#
#.#####># #..# #.# #.#
#.# #..# #.# #.# #.#
##..# #.###.## #.# ...
#.##...####.# #W#
#....#......#
.######@#######...######
?................##
.#######.######### #.#
#.# #.# ..# ###


You could see a wraith.

Vanquished Creatures
  Pikel (D:7)
  2 yaks (D:5)
  A wyvern (D:8)
  A wraith (D:8)
  A steam dragon (D:7)
  A water moccasin (D:6)
  A sky beast (D:6)
  A black bear (D:4)
  An ice beast (D:5)
  2 ogres
  5 phantoms
  2 centaurs
  4 lemures (D:7)
  2 bullfrogs (D:6)
  4 scorpions
  2 howler monkeys
  2 orc priests
  4 hounds
  2 jellies
  A sleepcap (D:4)
  2 gnoll boudas
  4 iguanas
  4 orc wizards
  15 gnolls
  12 adders
  A shadow imp (D:7)
  A white imp (D:6)
  2 ufetubi
  3 worms
  A dart slug (D:2)
  17 orcs
  3 ball pythons
  8 endoplasms
  5 giant cockroaches
  5 goblins
  4 hobgoblins
  A jackal (D:3)
  8 kobolds
  9 quokkas
  5 bats
  6 frilled lizards
  8 rats
  A spectral hobgoblin (D:1)
165 creatures vanquished.

Notes
Turn   | Place    | Note
-------+----------+-------------------------------------------
     0 | D:1      | jasper the Spriggan Artificer began the quest for the Orb.
     0 | D:1      | Reached XP level 1. HP: 9/9 MP: 2/2
   107 | D:2      | Found Beened's Antique Armour Shop.
   195 | D:4      | Noticed a hound
   199 | D:4      | Killed a hound
   200 | D:4      | Reached skill level 5 in Evocations
   200 | D:4      | Reached XP level 2. HP: 14/14 MP: 3/3
   200 | D:4      | Reached XP level 3. HP: 17/17 MP: 4/4
   256 | D:4      | Noticed a phantom
   274 | D:4      | Killed a phantom
   275 | D:4      | Reached skill level 5 in Stealth
   275 | D:4      | Reached XP level 4. HP: 15/21 MP: 5/5
   370 | D:4      | Identified the +4 falchion "Puemer" {heavy, *Corrode Will++
                  | Dex+3}
   410 | D:4      | Reached XP level 5. HP: 17/25 MP: 6/6
   542 | D:4      | Found a hide-covered altar of Uskayaw.
   551 | D:4      | Noticed a black bear
   552 | D:4      | Killed a black bear
   646 | D:4      | Noticed an ogre
   648 | D:4      | Killed an ogre
   649 | D:4      | Reached XP level 6. HP: 29/29 MP: 7/7
  1091 | D:5      | Entered Level 5 of the Dungeon
  1095 | D:5      | Noticed an ice beast
  1102 | D:5      | Noticed a yak
  1228 | D:6      | Noticed an ice beast
  1263 | D:6      | Found an ornate altar of the Wu Jian Council.
  1279 | D:6      | Noticed an acid dragon
  1297 | D:6      | Found a bloodstained altar of Trog.
  1372 | D:6      | Reached XP level 7. HP: 22/32 MP: 8/8
  1536 | D:6      | Found a runed translucent gate.
  1548 | D:6      | Found a runed translucent gate.
  1563 | D:6      | Identified the +1 dagger "Leilaola" {holy, Str+5 Int+2}
  1781 | D:5      | Reached skill level 1 in Ranged Weapons
  1840 | D:5      | Reached skill level 2 in Ranged Weapons
  1963 | D:5      | Reached skill level 3 in Ranged Weapons
  2194 | D:1      | Found a faded altar of an unknown god.
  2688 | D:2      | Found Xeuzaaj's Distillery.
  2692 | D:2      | Bought a potion of curing for 36 gold pieces
  2692 | D:2      | Bought a potion of heal wounds for 60 gold pieces
  2804 | D:2      | Found Misaabifo's Antique Weapon Emporium.
  3027 | D:2      | Found Rexkevo's General Store.
  3034 | D:2      | Bought a scroll of fear for 56 gold pieces
  3034 | D:2      | Bought a potion of lignification for 42 gold pieces
  3354 | D:3      | Reached skill level 4 in Ranged Weapons
  3663 | D:3      | You fall into a shaft and drop 1 floor!
  3746 | D:3      | Found Qipposu's Weapon Boutique.
  3815 | D:3      | Found an iron altar of Okawaru.
  3815 | D:3      | Found a blossoming altar of Fedhas.
  3815 | D:3      | Found a stormy altar of Qazlal.
  3962 | D:3      | Became a worshipper of Warmaster Okawaru
  4049 | D:3      | Reached XP level 8. HP: 37/37 MP: 9/9
  4826 | D:5      | Found a white marble altar of Elyvilon.
  4836 | D:5      | Reached skill level 5 in Ranged Weapons
  4957 | D:5      | Reached skill level 6 in Ranged Weapons
  5124 | D:5      | Found a staircase to the Ecumenical Temple.
  5171 | D:5      | Reached skill level 7 in Ranged Weapons
  5512 | D:6      | Reached * piety under Okawaru
  5539 | D:6      | Reached skill level 8 in Ranged Weapons
  5596 | D:6      | Reached XP level 9. HP: 36/40 MP: 10/10
  5752 | D:6      | Found a runed translucent gate.
  5760 | D:6      | Noticed platinum's ghost (novice FoFi)
  6032 | D:7      | Reached skill level 9 in Ranged Weapons
  6150 | D:7      | Reached ** piety under Okawaru
  6406 | D:7      | Reached skill level 10 in Ranged Weapons
  6854 | D:7      | Noticed Pikel
  6952 | D:7      | Paralysed by Pikel for 3 turns
  6969 | D:7      | Killed Pikel
  7328 | D:8      | Found a glowing golden altar of the Shining One.
  7733 | D:9      | Mangled by a wraith

Illustrated notes

Levels and vault maps discovered:
D:1:      elethiomel_arrival_maze, layout_rooms,
          dreamdust_ecumenical_altar_drowned_temple, minmay_misc_feat_square,
          palyth_stone_intersect
D:2:      layout_loops_ring, serial_shops, nicolae_shop_stone, shop, shop, shop
D:3:      minmay_thinvault, layout_rooms, gammafunk_temple_overflow_forgotten,
          serial_shops, nicolae_shop_advertising_works
          [nicolae_subvault_shop_adworks], serial_corexii_hall,
          chequers_hall_statues_corner_a, chequers_hall_statues_wall_a,
          corexii_hall_statues_u, nicolae_half_adder
D:4:      minmay_diamond_boxcup, layout_loops_corners,
          mainiacjoe_overflow_24_doors, grunt_ministairs_10, hex_large
D:5:      layout_layer_cave, marbit_many_paths, minmay_temple_entry_glass,
          gup_sewer_entry_bowl, minmay_holes
D:6:      layout_rooms, trog_book, pdpol_wu_jian_five_deadly_venoms,
          gammafunk_ghost_split, hangedman_minor_gate_pass
D:7:      layout_rooms, serial_bayou_pond_d, uniq_pikel
D:8:      layout_loops_ring, dk_xom_monty_hall, mainiacjoe_overflow_catwalk,
          yredelemnul_forgotten_temple_becter
D:9:      layout_loops_ring, dpeg_lair_monsters

Skill      XL: |  1  2  3  4  5  6  7  8  9 |
---------------+----------------------------+-----
Stealth        | 3 5 7 8 |  8.9
Evocations     | 5 6 7 8 |  8.4
Ranged Weapons | 4 8 10 | 10.9
Invocations    | 3 |  3.9
Fighting       | |  0.7
Dodging        | |  3.2

Action                     |  1- 3 |  4- 6 |  7- 9 || total
---------------------------+-------+-------+-------++-------
  Melee: Club              |     4 |       |       ||     4
         Short sword       |     2 |       |       ||     2
         Falchion          |       |    42 |    21 ||    63
         Dagger            |       |       |    32 ||    32
         Punch             |       |       |     1 ||     1
   Fire: Sling             |       |       |   580 ||   580
 Invoke: Heroism           |       |       |     2 ||     2
  Evoke: Wand              |    16 |     4 |    15 ||    35
    Use: Scroll            |       |     1 |    19 ||    20
         Potion            |       |       |     2 ||     2
   Stab: Sleeping          |       |     4 |       ||     4
 Armour: Robe              |     1 |     2 |    38 ||    41
  Dodge: Dodged            |     4 |    61 |   192 ||   257
